[Event "Early-Titled-Tuesday-Blitz-April-23-2024"]
[Site "Chess.com"]
[Date "2024.04.23"]
[Round "3"]
[White "kuli4ik"]
[Black "Thunderbolt135"]
[Result "0-1"]
[WhiteElo "2872"]
[BlackElo "2663"]
[TimeControl "180+1"]
[EndTime "8:29:13 PDT"]
[Termination "Thunderbolt135 won by checkmate"]

1. d4 Nf6 2. c4 e6 3. Nc3 d5 4.
Nf3 c6 5. cxd5 exd5 6. Bg5 Be7 7. Qc2 g6 8. Bxf6 Bxf6 9. e4 dxe4 10. Qxe4+ Qe7 11.
O-O-O O-O 12. Bc4 Nd7 13. Qf4 Nb6 14. Rhe1 Qd8 15. Bb3 Nd5 16. Bxd5 cxd5 17. Kb1 Be6 18.
Ne5 Rc8 19. Qd2 Be7 20. Nd3 Bd6 21. Ka1 Qf6 22. Ne5 Bb4 23. Re3 Kg7 24. Rc1 Rc7 25. Rf3 Qe7 26. h4 h5 27. g3 Rfc8 28. Re3 a5 29.
Qe1 a4 30. Nd3 a3 31. Nxb4 axb2+ 32. Kxb2 Qxb4+ 33. Kc2 Bf5+ 34. Kd1 Qxd4+ 35. Qd2 Qxd2+ 36. Kxd2 d4 37. Nd5 dxe3+ 38. Kxe3 Rxc1 39. Kf4 R1c4+ 40. Kg5 Rg4# 0-1

[Event "Early-Titled-Tuesday-Blitz-April-23-2024"]
[Site "Chess.com"]
[Date "2024.04.23"]
[Round "3"]
[White "Martial2008"]
[Black "baki83"]
[Result "0-1"]
[WhiteElo "2681"]
[BlackElo "2915"]
[TimeControl "180+1"]
[EndTime "8:29:14 PDT"]
[Termination "baki83 won on time"]

1. d4 d5 2. Nf3 Nf6 3. Bf4 Bf5 4. c4 e6 5. Qb3 Nc6 6. c5 Qc8 7. e3 Be7 8. Nc3 O-O 9. Bb5 Na5 10. Qa4 b6 11.
O-O c6 12. Be2 Nb7 13. b4 a5 14. b5 cxb5 15. Nxb5 bxc5 16. dxc5 Nxc5 17. Qd4 Nce4 18. Rfc1 Bc5 19. Qa4 Qe8 20. Nfd4 Bg6 21. Nb3 Bb6 22. Qa3 e5 23. Bg3 Qe6 24. Nc7 Bxc7 25. Rxc7 Nxg3 26. hxg3 Ne4 27. Rac1 h6 28. Qe7 Qf5 29. Bf3 a4 30. Nc5 Nxc5 31. Qxc5 e4 32. Be2 Rfd8 33. Qd4 Qe6 34. R1c6 Rd6 35. Rc5 Kh7 36. g4 a3 37.
g3 Rad8 38. Kg2 Rb6 39. Rc2 Rb1 40. R7c3 Qe7 41. Qa4 Rb2 0-1

[Event "Early-Titled-Tuesday-Blitz-April-23-2024"]
[Site "Chess.com"]
[Date "2024.04.23"]
[Round "3"]
[White "WilsonPalencia21"]
[Black "MetiForce"]
[Result "0-1"]
[WhiteElo "2548"]
[BlackElo "2942"]
[TimeControl "180+1"]
[EndTime "8:29:14 PDT"]
[Termination "MetiForce won by resignation"]

1. d4 Nf6 2. c4 e6 3. Nf3 b6 4. g3 Bb7 5. Bg2 Bb4+ 6. Nbd2 O-O 7.
O-O h6 8. Qc2 Bxd2 9. Nxd2 Bxg2 10. Kxg2 Nc6 11. e3 d5 12. b3 a5 13. Ba3 Re8 14.
Kg1 e5 15. dxe5 Nxe5 16. Bb2 c5 17. cxd5 Qxd5 18. Bxe5 Rxe5 19. Nc4 Re6 20. Rad1 Qh5 21. Kg2 Ne4 22. f3 Nf6 23. e4 Qg6 24. a4 h5 25. Kh1 h4 26. g4 Nh7 27. Qf2 Qh6 28.
Rd5 g5 29. Rfd1 Rae8 30. Rd8 Nf8 31. Rxe8 Rxe8 32. Rd6 Re6 33. Rd8 Qf6 34. Rd3 Rxe4 35.
Qd2 Re6 36. Rd5 Qxf3+ 37. Kg1 Qxg4+ 38. Kf1 Rf6+ 39. Ke1 Qg1+ 0-1

[Event "Early-Titled-Tuesday-Blitz-April-23-2024"]
[Site "Chess.com"]
[Date "2024.04.23"]
[Round "3"]
[White "DonkyDonkyDonkey"]
[Black "Flawless_Fighter"]
[Result "1-0"]
[WhiteElo "2947"]
[BlackElo "2720"]
[TimeControl "180+1"]
[EndTime "8:29:16 PDT"]
[Termination "DonkyDonkyDonkey won on time"]

1. d4 Nf6 2. Nc3 d5 3. Bf4 a6 4. e3 e6 5. g4 Bb4 6. Ne2 Nxg4 7. Rg1 g5 8. Bg3 h5 9. h3 h4 10. hxg4 hxg3 11. Nxg3 Nd7 12. Qf3 Qf6 13. Qg2 Qe7 14.
Bd3 Nf6 15. Qf3 Bd7 16. Ne2 O-O-O 17. a3 Bd6 18. O-O-O Rh4 19. Kb1 Rdh8 20. e4 Rh3 21. Ng3 dxe4 22. Ncxe4 Nxe4 23. Bxe4 c6 24. Rh1 Bf4 25. Rxh3 Rxh3 26. Qg2 Rh4 27. Bf3 Kb8 28. Ne4 Bc8 29. Nc5 Qd6 30. Qf1 Rh2 31. Qc4 Rxf2 32. Ne4 Rxf3 33. Nxd6 Bxd6 34. Rh1 Rf4 35. Rh8 Kc7 36.
Qc3 b6 37. Ka2 Bd7 38. Qd3 Bc8 39. Qh7 e5 40. Qg8 Be6+ 41. b3 1-0

[Event "Early-Titled-Tuesday-Blitz-April-23-2024"]
[Site "Chess.com"]
[Date "2024.04.23"]
[Round "3"]
[White "bangchess21"]
[Black "Orest_Vovk"]
[Result "1-0"]
[WhiteElo "2791"]
[BlackElo "2550"]
[TimeControl "180+1"]
[EndTime "8:29:16 PDT"]
[Termination "bangchess21 won on time"]

1. g3 g5 2. Bg2 g4 3. h3 d5 4. hxg4 Bxg4 5. c4 d4 6. Bxb7 Nd7 7. Bxa8 Qxa8 8. f3 d3 9. Nc3 Ngf6 10. Rh4 Be6 11.
b3 Rg8 12. Kf2 Qc6 13. e3 Qd6 14. g4 h5 15. Bb2 hxg4 16. Nb5 Qc5 17. Bd4 Qg5 18.
Rh1 Kd8 19. Qf1 Qf5 20. Ke1 c5 21. Bc3 a6 22. Ba5+ Kc8 23. Nc7 Qe5 24. Rd1 g3 25.
Qg2 Bf5 26. Bc3 Qxc7 27. Rh4 Be6 28. Re4 Ne8 29. Rf4 Nef6 30. Rh4 Bg7 31. Rh3 Ne8 32. Rxg3 Nef6 33. e4 Bf8 34. Rg4 Rxg4 35. fxg4 Nxg4 36. Nf3 Ngf6 37. e5 1-0

[Event "Early-Titled-Tuesday-Blitz-April-23-2024"]
[Site "Chess.com"]
[Date "2024.04.23"]
[Round "3"]
[White "northridgehawk"]
[Black "vladgoncharov"]
[Result "0-1"]
[WhiteElo "2337"]
[BlackElo "2604"]
[TimeControl "180+1"]
[EndTime "8:29:16 PDT"]
[Termination "vladgoncharov won by resignation"]

1. e3 Nf6 2. d4 g6 3. Nf3 Bg7 4. Be2 O-O 5. O-O c5 6. c4 cxd4 7. exd4 d5 8. Nc3 Nc6 9. h3 b6 10.
Be3 Bb7 11. Rc1 Rc8 12. Ne5 dxc4 13. Bf3 Na5 14. Bxb7 Nxb7 15. Qa4 Na5 16. Rfd1 Nd5 17. Nxd5 Qxd5 18. Nf3 Rc6 19. Bd2 Rfc8 20. Bc3 e6 21. Re1 R6c7 22. Ne5 Bxe5 23. Rxe5 Qd7 24. Qxd7 Rxd7 25.
Bxa5 bxa5 26. Rxa5 Rxd4 27. Rc2 Rc7 28. Ra3 Rb7 29.
Rac3 h5 30. Rxc4 Rxc4 31. Rxc4 Rxb2 32. Ra4 Rb1+ 33. Kh2 Rb7 34. Ra6 Kg7 35. Kg3 Kf6 36. h4 Kf5 37. Kf3 e5 38. g3 f6 39. Ke3 g5 40. hxg5 fxg5 41. Rh6 Rb2 42. Rxh5 Rxa2 43. Rh7 g4 44. Rf7+ Ke6 45. Rg7 Ra4 46. Rg6+ Kd5 47. Rg7 a5 48. Ke2 Rb4 49. Ra7 a4 50. Ke3 Rb3+ 51.
Ke2 a3 52. Ra4 e4 53. Kd2 Rb2+ 54. Ke3 a2 55. Ra5+ Kc4 56. Kxe4 Rxf2 57. Ra8 Kb3 58. Rb8+ Kc2 59. Rc8+ Kb1 60. Rb8+ Rb2 61. Rh8 a1=Q 62. Rh1+ Ka2 63. Rxa1+ Kxa1 64. Kf4 Rb4+ 65. Kg5 Kb2 66. Kh4 Kc3 67. Kg5 Kd3 68. Kf5 Ke3 69. Kg5 Kf3 70.
Kh4 Ra4 71. Kg5 Kxg3 0-1

[Event "Early-Titled-Tuesday-Blitz-April-23-2024"]
[Site "Chess.com"]
[Date "2024.04.23"]
[Round "3"]
[White "NM_Antelacus"]
[Black "SaiAgni_98"]
[Result "0-1"]
[WhiteElo "2266"]
[BlackElo "2470"]
[TimeControl "180+1"]
[EndTime "8:29:16 PDT"]
[Termination "SaiAgni_98 won on time"]

1. e4 c6 2. d4 d5 3. e5 Bf5 4. Nf3 e6 5. Be2 Nd7 6. O-O h6 7. c3 Ne7 8. Nbd2 Bh7 9. Ne1 Nf5 10. a3 Be7 11. b4 O-O 12. Nb3 b6 13. Nc2 c5 14. Ne3 c4 15. Nd2 a5 16. b5 a4 17.
Nxf5 Bxf5 18. Ra2 Ra5 19. Nf3 Qa8 20. h3 Rxb5 21. g4 Bg6 22. Bd2 Rb3 23. Qa1 Qa5 24.
Rc1 Be4 25. Bd1 f6 26. exf6 Bxf6 27. Ne1 Bh4 28. Be3 Rb5 29. Rb2 Nb8 30. Bc2 Bxc2 31.
Rcxc2 Rb3 32. Qb1 Nc6 33. Re2 Qb5 34. Rxb3 Qxb3 35. Qb2 Bf6 36. Rd2 Be7 37. Nc2 Qxb2 0-1

[Event "Early-Titled-Tuesday-Blitz-April-23-2024"]
[Site "Chess.com"]
[Date "2024.04.23"]
[Round "3"]
[White "Sofia_Blokhin"]
[Black "Gryffindorac8"]
[Result "0-1"]
[WhiteElo "2245"]
[BlackElo "2440"]
[TimeControl "180+1"]
[EndTime "8:29:16 PDT"]
[Termination "Gryffindorac8 won by resignation"]

1. d4 Nf6 2. c4 c5 3. d5 b5 4. cxb5 a6 5. bxa6 Bxa6 6. Nc3 d6 7. Nf3 g6 8. e4 Bxf1 9. Kxf1 Bg7 10. g3 O-O 11. Kg2 Nbd7 12. Re1 Ng4 13. h3 Nge5 14. Nxe5 Nxe5 15. f4 Nd7 16. h4 h5 17. g4 Nf6 18.
gxh5 Nxh5 19. e5 e6 20. Qg4 dxe5 21. dxe6 fxe6 22. Qxg6 Nxf4+ 23. Bxf4 Rxf4 24. Qxe6+ Kh8 25. Rad1 Qf8 26. Ne4 Re8 27. Qg6 Rb8 28. b3 c4 29.
h5 cxb3 30. h6 Bxh6 31. Rd7 Qg8 32. Rd6 Qxg6+ 33. Rxg6 Kh7 34. Ra6 b2 35. Nc3 Rg8+ 36. Kh3 Rc4 37. Nb1 Rc1 38. Rxe5 Rxb1 39. Re7+ Rg7 40.
Rxg7+ Bxg7 41. Rb6 Rh1+ 42. Kg4 b1=Q 0-1

[Event "Early-Titled-Tuesday-Blitz-April-23-2024"]
[Site "Chess.com"]
[Date "2024.04.23"]
[Round "3"]
[White "lluiss"]
[Black "stepanosinovsky"]
[Result "0-1"]
[WhiteElo "2131"]
[BlackElo "2394"]
[TimeControl "180+1"]
[EndTime "8:29:16 PDT"]
[Termination "stepanosinovsky won on time"]

1. Nf3 Nf6 2. d4 g6 3. g3 Bg7 4.
Bg2 O-O 5. O-O d6 6. c4 Nbd7 7. Nc3 e5 8. h3 Re8 9. Re1 exd4 10. Nxd4 c6 11. e4 Nc5 12. b3 a5 13. Bb2 a4 14.
Rc1 axb3 15. axb3 Qb6 16. Rb1 Nfd7 17. Na4 Nxa4 18. bxa4 Nc5 19. Ba1 Qa6 20. Nb3 Bxa1 21. Nxc5 dxc5 22. Rxa1 Qxc4 23. a5 Qb4 24. Qc2 Rxa5 25.
Rab1 Qa3 26. e5 Bf5 27. Be4 Bxe4 28. Qxe4 c4 29. Qg4 Raxe5 30. Rxe5 Rxe5 31. Qc8+ Kg7 32.
Qxb7 Qe7 33. Qxc6 Re1+ 34. Rxe1 Qxe1+ 35. Kg2 c3 36. Qc4 Qe5 37. f4 Qe3 38. h4 Qd2+ 39. Kh3 c2 0-1

[Event "Early-Titled-Tuesday-Blitz-April-23-2024"]
[Site "Chess.com"]
[Date "2024.04.23"]
[Round "3"]
[White "FaustinoOro"]
[Black "sofaceindisguise"]
[Result "1-0"]
[WhiteElo "2926"]
[BlackElo "2685"]
[TimeControl "180+1"]
[EndTime "8:29:17 PDT"]
[Termination "FaustinoOro won by checkmate"]

1. Nf3 d5 2. d4 e6 3. e3 Nd7 4. Bd3 c6 5. O-O f5 6. c4 Nh6 7.
b3 Bd6 8. Ba3 Nf6 9. Bxd6 Qxd6 10. Ne5 Nf7 11. Nxf7 Kxf7 12. Nd2 Rf8 13. Nf3 Kg8 14.
Ne5 Nd7 15. f4 Nxe5 16. fxe5 Qe7 17. cxd5 exd5 18. Qc2 Qg5 19. Rf4 Be6 20. b4 Qe7 21. Qc3 g5 22. Rf2 f4 23. Qd2 fxe3 24. Qxe3 Rxf2 25.
Kxf2 Rf8+ 26. Kg1 Qxb4 27. Qxg5+ Kh8 28. Qh4 Rf7 29. Rf1 Qe7 30. Rf6 Rxf6 31. exf6 Qf7 32. Qf4 Qe8 33. Qh6 Qf7 34. h3 b6 35. Qg5 c5 36. Qe5 c4 37. Bf5 Bxf5 38. Qxf5 c3 39. Qc8+ Qg8 40. Qxc3 Qe8 41. Qf3 Kg8 42. Qxd5+ Kf8 43.
Qg5 Qe1+ 44. Kh2 Qd2 45. Qg7+ Ke8 46. Qe7# 1-0

[Event "Early-Titled-Tuesday-Blitz-April-23-2024"]
[Site "Chess.com"]
[Date "2024.04.23"]
[Round "3"]
[White "sonicdravise"]
[Black "Veleamater"]
[Result "0-1"]
[WhiteElo "2608"]
[BlackElo "2455"]
[TimeControl "180+1"]
[EndTime "8:29:17 PDT"]
[Termination "Veleamater won by resignation"]

1. Nf3 d6 2. d4 g6 3. c4 Bg7 4. e4 Nf6 5. Nc3 O-O 6. Be2 Nc6 7. O-O e5 8. d5 Ne7 9. b4 h6 10. a4 Ne8 11. Ba3 f5 12. Nd2 h5 13. c5 Kh7 14. b5 Rf7 15. Nc4 Bf8 16. a5 Ng8 17. b6 axb6 18. cxb6 cxb6 19. Nxb6 Rxa5 20. Nxc8 Qxc8 21. exf5 gxf5 22. Rc1 Ra8 23. Nb5 Qd8 24. Bxh5 Rg7 25. Rc3 Nef6 26. Rh3 Nh6 27. Bc1 f4 28. Be2 Rg5 29. Bd3+ Kg8 30. f3 Ra2 31. Bc2 Qb6+ 32. Kh1 Qxb5 33. Rg1 Qc5 34. Bb3 Rf2 35. Qe1 Qd4 36.
Ba3 Qe3 37. Qb4 Qe2 38. g4 fxg3 39. hxg3 Qxf3+ 0-1

[Event "Early-Titled-Tuesday-Blitz-April-23-2024"]
[Site "Chess.com"]
[Date "2024.04.23"]
[Round "3"]
[White "HajiyevKanan"]
[Black "Naruto75_3"]
[Result "1-0"]
[WhiteElo "2611"]
[BlackElo "2370"]
[TimeControl "180+1"]
[EndTime "8:29:17 PDT"]
[Termination "HajiyevKanan won by resignation"]

1. d4 d5 2. Nf3 Nf6 3. c4 c6 4. Nc3 e6 5. cxd5 exd5 6. Qc2 Bd6 7. Bg5 O-O 8. e3 h6 9. Bh4 Bg4 10. Ne5 Be6 11. Bd3 Be7 12. O-O Nbd7 13. f4 Nxe5 14. dxe5 Ng4 15. Bxe7 Qxe7 16. Qe2 Qc5 17. Rae1 d4 18.
Ne4 Qd5 19. exd4 Qxd4+ 20. Kh1 Rad8 21. Bb1 h5 22. h3 Bc4 23. Qc2 Bxf1 24. Rxf1 f5 25. Nd6 Ne3 26. Qb3+ Kh7 27. Rf2 Rxd6 28. exd6 Rf6 29. d7 Rd6 30. Kh2 Rxd7 31. Qe6 Rd5 32. Rf3 Qxb2 33. Rxe3 Qxb1 34. Rg3 Qb2 35. Qg6+ Kg8 36.
Qe8+ Kh7 37. Qxh5+ Kg8 38. Qe8+ Kh7 39. Qg6+ Kg8 40. Qe6+ Kf8 41. Re3 Rd8 42. Qe7+ Kg8 43. Qxd8+ Kh7 44. Qh4+ Kg8 45. Rg3 1-0

[Event "Early-Titled-Tuesday-Blitz-April-23-2024"]
[Site "Chess.com"]
[Date "2024.04.23"]
[Round "3"]
[White "maximnovik"]
[Black "Sasha_Solovev_777"]
[Result "1-0"]
[WhiteElo "2578"]
[BlackElo "2217"]
[TimeControl "180+1"]
[EndTime "8:29:18 PDT"]
[Termination "maximnovik won by resignation"]

1. e4 c5 2. Nf3 d6 3. c3 Nf6 4.
h3 Nc6 5. Bd3 e6 6. O-O Be7 7.
Bc2 O-O 8. d4 Re8 9. Re1 cxd4 10. cxd4 e5 11. d5 Nb4 12. Bb3 h6 13. Nc3 Bd7 14.
a3 Na6 15. Be3 Bf8 16. Rc1 b6 17. Bc4 Nc5 18. Nd2 a5 19. Qe2 a4 20. Bb5 Bxb5 21.
Qxb5 Qd7 22. Qxd7 Nfxd7 23. Rc2 g6 24. Nb5 Rec8 25. f3 Nd3 26. Rxc8 Rxc8 27. Rb1 Rc2 28. b4 f5 29. Nf1 f4 30. Bd2 Nb2 31. Rc1 Rxc1 32. Bxc1 Nc4 33. Nc3 Be7 34. Nxa4 b5 35. Nc3 Ndb6 36. Nxb5 Kf7 37. Nd2 Nxd2 38. Bxd2 Nc4 39.
Bc1 Ke8 40. Kf1 Kd7 41. Ke2 g5 42. Kd3 Nb6 43. Nc3 h5 44. a4 g4 45. fxg4 hxg4 46. hxg4 Bh4 47. a5 Na8 48. b5 Bf2 49. Kc4 Bd4 50. Ne2 Bf2 51. g5 Nc7 52. g6 1-0

[Event "Early-Titled-Tuesday-Blitz-April-23-2024"]
[Site "Chess.com"]
[Date "2024.04.23"]
[Round "3"]
[White "LamaChampetre"]
[Black "KetiTsatsalashvili"]
[Result "0-1"]
[WhiteElo "2204"]
[BlackElo "2421"]
[TimeControl "180+1"]
[EndTime "8:29:18 PDT"]
[Termination "KetiTsatsalashvili won on time"]

1. d4 Nf6 2. c4 e6 3. Nf3 b6 4. g3 Ba6 5. Nbd2 d5 6. Bg2 Ne4 7.
Qc2 f5 8. O-O Bd6 9. b3 O-O 10.
Bb2 c6 11. Rac1 Nd7 12. Ne1 Qe7 13. Nxe4 fxe4 14. f3 exf3 15. Bxf3 Rac8 16. e4 Qg5 17. Qe2 Rce8 18. e5 Be7 19. Nd3 Qh6 20. Rc2 Rf7 21. Bc1 Bg5 22. Bxg5 Qxg5 23. Rcc1 Ref8 24. Bg2 Rxf1+ 25.
Rxf1 Rxf1+ 26. Bxf1 dxc4 27. Nf4 Qf5 28. bxc4 c5 29. Qf3 cxd4 30. Qa8+ Nf8 31. Qxa7 Bc8 32. Qxb6 Qxe5 33. Qd8 Qe3+ 34. Kg2 Bb7+ 35. Kh3 Be4 36. Be2 Bf5+ 37. Bg4 Bxg4+ 38. Kxg4 h5+ 39. Nxh5 Qe4+ 40. Nf4 Qf5+ 41. Kf3 e5 42. Qd5+ Kh7 43. g4 Qf6 44.
Qe4+ Kh8 0-1

[Event "Early-Titled-Tuesday-Blitz-April-23-2024"]
[Site "Chess.com"]
[Date "2024.04.23"]
[Round "3"]
[White "Keranke"]
[Black "average_trans"]
[Result "1-0"]
[WhiteElo "2838"]
[BlackElo "2248"]
[TimeControl "180+1"]
[EndTime "8:29:19 PDT"]
[Termination "Keranke won by resignation"]

1. c4 c5 2. g3 Nc6 3. Bg2 g6 4. Nc3 Bg7 5. Nf3 Nf6 6. O-O O-O 7.
d3 d6 8. a3 a6 9. Rb1 Rb8 10.
b4 cxb4 11. axb4 b5 12. cxb5 axb5 13. Be3 Be6 14. Nd4 Nxd4 15. Bxd4 Qc7 16. Rc1 Rfc8 17.
Bxf6 Bxf6 18. Nd5 Qxc1 19. Nxf6+ Kg7 20. Nh5+ gxh5 21. Qxc1 Rxc1 22. Rxc1 h4 23. gxh4 Kf6 24. f4 Rg8 25. Kf2 Rg4 26. e3 Rxh4 27. h3 Rh5 28. Kg3 Rh6 29. Rc7 Rg6+ 30. Kf2 Bb3 31. Be4 Rg8 32. Rb7 Ba4 33. Bc6 Rc8 34. Rb6 Rc7 35.
e4 Ke6 36. Ke3 Kf6 37. Bxb5 Bxb5 38. Rxb5 Rc1 39. Rh5 Kg6 40. Rg5+ Kf6 41. b5 Rh1 42. Kd4 Rxh3 43. b6 e5+ 44. Kc4 Rh1 45. Kd5 Rb1 46.
Kc6 h6 47. Rh5 Kg6 48. fxe5 Kxh5 49. exd6 Kg4 50. d7 h5 51. d8=Q h4 52. Qg8+ Kf3 53.
Qxf7+ Ke3 54. Qh5 Rc1+ 55. Kd6 Kxd3 56. Qxh4 Kd4 57. e5+ Kc3 1-0

[Event "Early-Titled-Tuesday-Blitz-April-23-2024"]
[Site "Chess.com"]
[Date "2024.04.23"]
[Round "3"]
[White "Artemiki"]
[Black "TangerineandLemon25"]
[Result "1-0"]
[WhiteElo "2465"]
[BlackElo "2611"]
[TimeControl "180+1"]
[EndTime "8:29:19 PDT"]
[Termination "Artemiki won by resignation"]

1. e4 c5 2. Nf3 d6 3. d4 cxd4 4. Nxd4 Nf6 5. Nc3 a6 6. Be3 e5 7.
Nf3 Be7 8. Bc4 Be6 9. Bb3 O-O 10. O-O Qc7 11. Nh4 Nbd7 12. Bg5 Rfd8 13. Nf5 Bf8 14. Nd5 Bxd5 15. Bxd5 Rdc8 16. Bxf6 Nxf6 17. c3 Qb6 18.
Bb3 Qc6 19. f3 a5 20. Ne3 a4 21. Bd5 Qb6 22. Qd2 Nxd5 23. exd5 g6 24. Rfe1 f5 25.
g4 Bh6 26. gxf5 gxf5 27. Kh1 Kh8 28. Qd3 e4 29. fxe4 fxe4 30. Qe2 Re8 31. Nf5 Bg5 32. Rg1 Bf6 33. Nh6 Qc7 34. Qh5 Rf8 35. Rg2 Bg7 36. Rag1 Bxh6 37. Qxh6 Qf7 38. Qe3 Qf4 39. Qd4+ Qe5 40.
Qe3 Qf4 41. Rg8+ Rxg8 42. Qxf4 Rgf8 43. Qxe4 Rf7 44. Qd4+ 1-0

[Event "Early-Titled-Tuesday-Blitz-April-23-2024"]
[Site "Chess.com"]
[Date "2024.04.23"]
[Round "3"]
[White "Antosha_Chekhonte"]
[Black "Prizant_academy"]
[Result "0-1"]
[WhiteElo "2546"]
[BlackElo "2932"]
[TimeControl "180+1"]
[EndTime "8:29:21 PDT"]
[Termination "Prizant_academy won on time"]

1. e4 c5 2. Nf3 e6 3. g3 Nc6 4. Bg2 Nf6 5. d3 d5 6. Qe2 Be7 7. e5 Nd7 8. c4 a6 9. O-O O-O 10.
cxd5 exd5 11. d4 cxd4 12. Rd1 Qb6 13. Nbd2 Nc5 14. b3 Bf5 15. Nf1 d3 16. Qe3 Qb5 17. Bb2 Ne6 18. Nh4 Bxh4 19. gxh4 d4 20. Qf3 Qxe5 21.
Ng3 g6 22. Nxf5 gxf5 23. Qxd3 Rad8 24. Re1 Qf6 25. Rac1 Kh8 26. Kh1 Rg8 27. Bxc6 bxc6 28. Rxc6 Qxh4 29. Qxf5 Rg7 30. Qe5 Qg4 31. Qe4 Qg5 32. h4 Qf6 33. Re2 Rdg8 34. Kh2 Rg2+ 35. Kh3 Nf4+ 36. Qxf4 Qxf4 0-1

[Event "Early-Titled-Tuesday-Blitz-April-23-2024"]
[Site "Chess.com"]
[Date "2024.04.23"]
[Round "3"]
[White "ImportedItalianMaple"]
[Black "Stanbad1"]
[Result "0-1"]
[WhiteElo "2455"]
[BlackElo "2640"]
[TimeControl "180+1"]
[EndTime "8:29:21 PDT"]
[Termination "Stanbad1 won by resignation"]

1. e4 e6 2. b3 d5 3. Bb2 Nc6 4. Nc3 d4 5. Nce2 e5 6. c3 Bc5 7. b4 Bb6 8. b5 dxc3 9. Bxc3 Nd4 10. Nxd4 exd4 11. Bb4 d3 12. Qf3 Nf6 13. Qxd3 Be6 14. Qxd8+ Rxd8 15. f3 Nd7 16. Ne2 Ne5 17. Nf4 Bc4 18. Bc3 Bd4 19. Bxc4 Nxc4 20. Nd5 Bxc3 21. dxc3 c6 22. bxc6 bxc6 23. Nb4 a5 24. Nxc6 Rd3 25. Rd1 Rxd1+ 26. Kxd1 Kd7 27. Nd4 Rb8 28. Nb3 a4 29.
Kc2 axb3+ 30. axb3 Ne3+ 31. Kb2 g6 32. g3 Nc4+ 33. Kc2 Ne5 34. f4 Ng4 35. Ra1 Rb7 36. h3 Nf2 37. e5 h5 38. h4 Ne4 39. Rg1 Ke6 40. c4 Rd7 41. b4 Rd4 42. Kb3 Rd3+ 43. Ka4 Nxg3 44. c5 Ne4 45. Kb5 Rc3 46. Ra1 Kf5 47.
Ra7 Kxf4 48. Rxf7+ Kxe5 49. Rg7 Kf6 50. Rg8 Rc1 51. c6 Nd6+ 52. Kb6 Rc4 53. b5 Rxh4 54. c7 Rc4 55. Rd8 Ke7 56. Rg8 Kf7 57. Rd8 Ke7 58.
Rg8 Ne8 59. Rxe8+ Kxe8 60. Kb7 Kd7 61. b6 h4 62. Kb8 h3 63. Ka8 Rxc7 0-1

[Event "Early-Titled-Tuesday-Blitz-April-23-2024"]
[Site "Chess.com"]
[Date "2024.04.23"]
[Round "3"]
[White "Maria_Elayza"]
[Black "Ural_bogatyr"]
[Result "0-1"]
[WhiteElo "2160"]
[BlackElo "2562"]
[TimeControl "180+1"]
[EndTime "8:29:21 PDT"]
[Termination "Ural_bogatyr won on time"]

1. d4 Nf6 2. Bf4 d5 3. e3 c5 4. c3 Nc6 5. Nd2 Bf5 6. Ngf3 e6 7. Bb5 a6 8. Bxc6+ bxc6 9. O-O Bd6 10. Qa4 Bxf4 11.
Qxc6+ Nd7 12. exf4 O-O 13. Ne5 Nxe5 14. fxe5 Bd3 15.
Rfe1 cxd4 16. cxd4 Rc8 17. Qa4 Qg5 18. Nf3 Qg6 19.
Rac1 Be4 20. Qa3 Rxc1 21. Rxc1 f6 22. g3 Qg4 23. Ne1 fxe5 24. f3 Qg5 25. Rd1 Bg6 26. dxe5 Qxe5 27. Ng2 Bh5 28. Nf4 Bf7 29. Kf2 Rb8 30.
Re1 Qxb2+ 31. Qxb2 Rxb2+ 32. Re2 Rxe2+ 33. Kxe2 e5 34. Nd3 e4 35. fxe4 dxe4 36. Nc5 Bxa2 37. Nxe4 Kf7 38.
Kd2 Kg6 39. g4 Bd5 40. Nc3 Bf3 41. h3 Kg5 42. Ke3 Bg2 0-1

[Event "Early-Titled-Tuesday-Blitz-April-23-2024"]
[Site "Chess.com"]
[Date "2024.04.23"]
[Round "3"]
[White "RodTwinkz"]
[Black "Slovineanu"]
[Result "1-0"]
[WhiteElo "2681"]
[BlackElo "2499"]
[TimeControl "180+1"]
[EndTime "8:29:22 PDT"]
[Termination "RodTwinkz won by resignation"]

1. e4 c6 2. Nc3 d5 3. f4 dxe4 4. Nxe4 Nf6 5. Nf2 g6 6. Nf3 Bg7 7. d4 O-O 8. Bc4 c5 9. c3 cxd4 10. Nxd4 Nc6 11. Nxc6 bxc6 12. Qe2 Nd5 13. O-O Rb8 14.
Ne4 Bf5 15. g4 Bxe4 16. Qxe4 e6 17. Kh1 a5 18. a4 Qh4 19. Qg2 Rfd8 20. Be2 Nf6 21. f5 exf5 22. gxf5 Qe4 23. fxg6 Qxg2+ 24. Kxg2 hxg6 25. Bf3 Nd5 26. Rf2 Re8 27. Bxd5 cxd5 28.
Bf4 Be5 29. Bg3 Bxg3 30. hxg3 Re6 31. Rd1 Reb6 32. Rxd5 Rxb2 33. Rxa5 Rxf2+ 34. Kxf2 Rb3 35. Rc5 Ra3 36. a5 Kg7 37. g4 f5 38. gxf5 gxf5 39. Kf3 Kg6 40. Kf4 Ra1 41. Rc6+ Kf7 42. a6 Rf1+ 43. Ke5 Ke7 44. Rc7+ Kd8 45. a7 Ra1 46.
Rb7 1-0

[Event "Early-Titled-Tuesday-Blitz-April-23-2024"]
[Site "Chess.com"]
[Date "2024.04.23"]
[Round "3"]
[White "RasSanti"]
[Black "Mihaiionescu1"]
[Result "1-0"]
[WhiteElo "2314"]
[BlackElo "2448"]
[TimeControl "180+1"]
[EndTime "8:29:22 PDT"]
[Termination "RasSanti won by resignation"]

1. d4 Nf6 2. Bg5 g6 3. Bxf6 exf6 4. e3 f5 5. h4 Bg7 6. h5 d6 7. Bd3 Nd7 8. Nd2 O-O 9. Qf3 c6 10. O-O-O d5 11. Nh3 Nf6 12. hxg6 fxg6 13. Nf4 Qe7 14. Qh3 a5 15. Nf3 Qe8 16. Ne5 a4 17. Qh4 b5 18. Kb1 b4 19. f3 b3 20. cxb3 axb3 21.
axb3 Bd7 22. Rc1 Ra7 23. Rc5 Ra8 24. Rhc1 Rc8 25. Qe1 Rc7 26. Qa5 Qd8 27. Nxd7 Qxd7 28. Bb5 Ra7 29. Bxc6 Rxa5 30. Bxd7 Rxc5 31. Be6+ Kh8 32.
Rxc5 g5 33. Nd3 Nh5 34. Ne5 Bxe5 35. dxe5 Re8 36. Bxf5 Rxe5 37. Bg4 Ng7 38. Rc3 h6 39. Kc2 h5 40. Bc8 Kh7 41. Kd3 Kg6 42. Rc6+ Kh7 43.
Rd6 h4 44. Kd4 Kg8 45. Kxe5 1-0

[Event "Early-Titled-Tuesday-Blitz-April-23-2024"]
[Site "Chess.com"]
[Date "2024.04.23"]
[Round "3"]
[White "guillembaches"]
[Black "Shtembuliak"]
[Result "0-1"]
[WhiteElo "2573"]
[BlackElo "2857"]
[TimeControl "180+1"]
[EndTime "8:29:23 PDT"]
[Termination "Shtembuliak won by checkmate"]

1. e4 e6 2. d4 d5 3. exd5 exd5 4. Nf3 Bd6 5. c4 dxc4 6. Bxc4 Nf6 7. O-O O-O 8. Nc3 Nc6 9. h3 h6 10. Qc2 a6 11. Bxh6 gxh6 12. Qg6+ Kh8 13. Qxh6+ Nh7 14. Ne4 Bf5 15. Rae1 Bxe4 16. Rxe4 Qf6 17. Qh5 Qg6 18. Qh4 Rg8 19. Rg4 Qf6 20. Qh5 Rxg4 21. hxg4 Nxd4 22. Nxd4 Qxd4 23. Bxf7 Qe5 24. f4 Qxh5 25. gxh5 Rf8 26. Bg6 Rxf4 27. Re1 Nf6 28. Re6 Kg7 29. b3 Ng4 30. g3 Rf6 31. Re4 Nf2 32. Re8 Ng4 33. Be4 b6 34. Bd5 Nh6 35. g4 Rf4 36. Be6 Kf6 37.
Bc8 Nxg4 38. Bxa6 Kg5 39. Rh8 Kh4 40. h6 Bc5+ 41. Kg2 Rf2+ 42. Kg1 Kg3 43. h7 Rf8+ 44. Kh1 Rxh8 45. Bd3 Re8 46. Be4 Rxe4 47. h8=Q Re1# 0-1

[Event "Early-Titled-Tuesday-Blitz-April-23-2024"]
[Site "Chess.com"]
[Date "2024.04.23"]
[Round "3"]
[White "Kimkibo"]
[Black "Ginger_GM"]
[Result "0-1"]
[WhiteElo "2411"]
[BlackElo "2653"]
[TimeControl "180+1"]
[EndTime "8:29:23 PDT"]
[Termination "Ginger_GM won on time"]

1. d4 e6 2. Nf3 f5 3. c4 Nf6 4. Nc3 Be7 5. g3 O-O 6. Bg2 d6 7. O-O Ne4 8. Qc2 Nxc3 9. Qxc3 a5 10. Re1 Nc6 11. a3 Bf6 12. e3 a4 13. Bd2 e5 14.
Rad1 g5 15. Bc1 Qe7 16. d5 Na5 17. e4 f4 18. c5 dxc5 19. gxf4 gxf4 20. Kh1 Kh8 21.
Rg1 Nb3 22. Bf1 Bd7 23. Be2 Rg8 24. Bc4 Rxg1+ 25. Rxg1 Nd4 26. Nxd4 cxd4 27. Qf3 b5 28. Ba2 Rf8 29. Bd2 Qe8 30. Bb4 Rg8 31. Rxg8+ Qxg8 32. d6 Qxa2 33. dxc7 Qe6 34. Qc3 Bc8 35. Qc5 Bg7 36. Qxb5 h6 37. Qxa4 f3 38. Qb5 Qg4 39. Qf1 Ba6 40. Qg1 Qxe4 0-1